 Dungeon Crawl Stone Soup version 0.30-a0-897-ga2f19c967e (webtiles) character file.

Game seed: 10209220952126866858

16471 Lavandula the Arsonist (level 12, -7/86 HPs)
             Began as a Demonspawn Fire Elementalist on Mar 18, 2023.
             Was an Elder of Dithmenos.
             Mangled by a death yak (19 damage)
             ... on level 4 of the Lair of Beasts.
             The game lasted 00:31:01 (12291 turns).

Lavandula the Arsonist (DsFE)                      Turns: 12291, Time: 00:31:01

Health: -7/86      AC:  5    Str:  9    XL:     12   Next: 10%
Magic:  37/43      EV: 14    Int: 21    God:    Dithmenos [****..]
Gold:   623        SH: 12    Dex: 14    Spells: 14/30 levels left

rFire   . . .      SeeInvis .    f - staff of conjuration
rCold   . . .      Faith    +    C - +3 buckler
rNeg    . . .      Spirit   .    E - +2 robe
rPois   .          Reflect  .    g - +0 helmet
rElec   .          Rampage  .    (no cloak)
rCorr   .                        (no gloves)
Will    .....                    B - +0 pair of boots
Stlth   +++                      u - amulet of faith
HPRegen 0.34/turn                l - ring of magical power
MPRegen 0.28/turn                j - ring of magical power

@: about to teleport, marked, wreathed by umbra
A: repulsion field 2, spiny 2, weakness stinger 1, large bone plates 1, deformed
body
a: Renounce Religion, Shadow Step


You were on level 4 of the Lair of Beasts.
You worshipped Dithmenos.
Dithmenos was greatly pleased with you.
You visited 3 branches of the dungeon, and saw 15 of its levels.

You collected 623 gold pieces.

Inventory:

Hand Weapons
 a - a +4 trident of freezing
Armour
 g - a +0 helmet (worn)
 B - a +0 pair of boots (worn)
 C - a +3 buckler (worn)
 E - a +2 robe (worn)
Magical Staves
 f - a staff of conjuration (weapon)
Jewellery
 d - a ring of positive energy
 h - a ring of willpower
 j - a ring of magical power (right hand)
 l - a ring of magical power (left hand)
 u - an amulet of faith (around neck)
 w - a ring of magical power
 F - a ring of resist corrosion
 H - a ring of ice
 I - an amulet of guardian spirit
 N - a +5 ring of evasion
Wands
 s - a wand of iceblast (6)
 t - a wand of flame (66)
 D - a wand of acid (8)
 J - a wand of digging (4)
Scrolls
 c - 2 scrolls of teleportation {teleport}
 i - 2 scrolls of brand weapon
 k - 2 scrolls of enchant weapon
 r - 4 scrolls of magic mapping
 y - 3 scrolls of amnesia
 A - a scroll of summoning
 G - 2 scrolls of fog
 K - a scroll of immolation
 L - 2 scrolls of vulnerability
 P - a scroll of torment
 R - 2 scrolls of noise {unknown}
 S - 2 scrolls of blinking {unknown}
 T - a scroll of identify
Potions
 b - 2 potions of magic
 e - 2 potions of curing
 n - 5 potions of attraction
 p - a potion of resistance {unknown}
 v - 5 potions of haste
 x - a potion of mutation
 z - 2 potions of heal wounds {unknown}
 M - a potion of lignification {unknown}
 O - a potion of cancellation {unknown}
 Q - a potion of might {unknown}


   Skills:
 - Level 5.0 Fighting
 - Level 1.7 Dodging
 - Level 1.7 Stealth
 - Level 3.5 Shields
 - Level 9.7 Spellcasting
 - Level 5.8 Conjurations
 - Level 12.5 Fire Magic
 + Level 2.7 Ice Magic
 - Level 5.3 Evocations


You had 14 spell levels left.
You knew the following spells:

 Your Spells              Type           Power      Damage    Failure   Level
a - Foxfire               Conj/Fire      100%       2x1d9     1%          1
b - Scorch                Fire           100%       2d10      1%          2
c - Flame Wave            Conj/Fire      65%        2d15      1%          4
d - Inner Flame           Hex/Fire       36%        N/A       1%          3
e - Kindle Blastsparks    Fire/Tloc/Air  54%        2d14      4%          3
f - Frozen Ramparts       Ice            42%        1d7       9%          3

Your spell library contained the following spells:

 Spells                   Type           Power      Damage    Failure   Level
 Freeze                   Ice            84%        1d9       3%          1
 Hailstorm                Conj/Ice       42%        3d10      4%          3
 Call Canine Familiar     Summ           10%        N/A       26%         3
 Portal Projectile        Hex/Tloc       20%        N/A       26%         3
 Ice Form                 Ice/Tmut       15%        N/A       45%         4
 Summon Ice Beast         Ice/Summ       15%        N/A       45%         4
 Leda's Liquefaction      Hex/Erth       5%         N/A       65%         4


Dungeon Overview and Level Annotations

Branches:
Dungeon (10/15)            Temple (1/1) D:6            Lair (5/5) D:10
  Snake (0/4) Lair:2        Slime (0/5) Lair:5
  Swamp: Lair:2-3    Shoals: Lair:2-3       Orc: D:9-12

Altars:
Ashenzari
Cheibriados
Dithmenos
Fedhas
Gozag
Nemelex Xobeh
Qazlal
Trog
Wu Jian
Xom
Yredelemnul

Shops:
D:6 (

Annotations:
D:6 Grinder, Sigmund
D:9 1 runed translucent door, martbhell's ghost, journeyman MiBe
Lair:4 Snorg


Innate Abilities, Weirdness & Mutations

You are surrounded by a moderate repulsion field. (EV +3)
You are mostly covered in sharp spines.
You have a small tail.
You are partially covered in large bone plates. (SH +4)
Armour fits poorly on your strangely shaped body.


Message History

The death yak looks frightened!
Unknown command.
As you read the scroll of fear, it crumbles to dust.
You assume a fearsome visage.
The death yak resists with almost no effort.
Unknown command.
As you read the scroll of fear, it crumbles to dust.
You assume a fearsome visage.
The death yak resists with almost no effort.
The death yak gores you.
Unknown command.
Casting: Inner Flame (safe; 1% risk of failure)
Confirm with . or Enter, or press ? or * to list all spells.
Okay, then.
As you read the scroll of teleportation {teleport}, it crumbles to dust.
You feel strangely unstable. The death yak closely misses you.
The death yak attacks as you move away! The death yak is struck by your spines.
The death yak gores you!!
Your surroundings seem slightly different.
The death yak is struck by your spines. The death yak closely misses you.
Unknown command.
As you read the scroll of teleportation {teleport}, it crumbles to dust.
You feel strangely unstable. The death yak gores you!!
* * * LOW HITPOINT WARNING * * *
Unknown command.
Okay, then.
Unknown command.
Okay, then.
As you read the scroll of fear, it crumbles to dust.
You assume a fearsome visage.
Snorg easily resists.
The death yak resists with some effort. x2; The death yak looks frightened! x2
The water moccasin looks frightened!
The six-headed hydra looks frightened!
The death yak is struck by your spines.
The death yak gores you but does no damage.
Unknown command.
Okay, then.
Unknown command.
Unknown command.
The death yak attacks as you move away! The death yak gores you!!
You die...

#......###.###..#....
##.....#.##.#...P.#..
#....................
#.....#.......#......
#........./.........
##..###............Y.
#..............##.†T#
##..Y..Y..##..###.#.#
#.##@.T..##..###..#..
##....D.###..####Y...
#..P.####.#.Y..P.#.#
##.... P............
..#.S......#.......
#..##P.. ###...P.#.#
##$ ..## ##.###### P.
#.# #.#.# #...####


You could see Snorg, 2 death yaks, a six-headed hydra (fleeing) and a water
moccasin (fleeing).

Vanquished Creatures
  A two-headed ogre (D:8)
  Pikel (D:6)
  An elephant (Lair:5)
  A torpor snail (Lair:2)
  5 cane toads
  2 black mambas (Lair:1)
  6 komodo dragons
  3 rime drakes
  A polar bear (Lair:2)
  A troll (D:7)
  2 hornets
  5 wyverns
  2 basilisks (D:10)
  25 yaks
  2 steam dragons (D:7)
  3 nagas (Lair:2)
  4 water moccasins
  An acid dragon (D:10)
  A swamp drake (D:10)
  An orc warrior (D:9)
  15 wolves
  A phantom (D:5)
  A centaur (D:9)
  3 lemures (D:6)
  A kobold brigand (D:8)
  A gnoll sergeant (D:10)
  5 bullfrogs
  6 scorpions
  10 wights
  8 killer bees
  4 howler monkeys (D:9)
  4 jellies
  2 orc priests (D:9)
  A gnoll bouda (D:7)
  An iguana (D:6)
  2 orc wizards
  12 gnolls
  6 adders
  A white imp (D:7)
  2 ufetubi (D:6)
  2 dart slugs
  A worm (D:2)
  18 orcs
  7 ball pythons
  2 bats
  8 endoplasms
  3 giant cockroaches
  13 hobgoblins
  4 jackals
  3 quokkas
  5 frilled lizards
  4 goblins
  16 kobolds
240 creatures vanquished.

Vanquished Creatures (collateral kills)
  2 foxfires
2 creatures vanquished.

Vanquished Creatures (others)
  2 bushes (Lair:5)
  881 foxfires
  32 fungi
  34 plants
949 creatures vanquished.

Grand Total: 1191 creatures vanquished

Notes
Turn   | Place    | Note
-------+----------+-------------------------------------------
     0 | D:1      | Lavandula the Demonspawn Fire Elementalist began the quest
                  | for the Orb.
     0 | D:1      | Reached XP level 1. HP: 13/13 MP: 3/3
    92 | D:1      | Reached skill level 3 in Fire Magic
   335 | D:1      | Gained mutation: You are partially covered in sharp spines.
                  | [demonic ancestry]
   335 | D:1      | Reached XP level 2. HP: 19/19 MP: 0/5
   445 | D:1      | Learned a level 2 spell: Scorch
  1210 | D:2      | Gained mutation: You are surrounded by a mild repulsion
                  | field. (EV +2) [demonic ancestry]
  1210 | D:2      | Reached XP level 3. HP: 24/24 MP: 1/6
  1334 | D:2      | Found a faded altar of an unknown god.
  1985 | D:2      | Gained mutation: You are surrounded by a moderate repulsion
                  | field. (EV +3) [demonic ancestry]
  1985 | D:2      | Reached XP level 4. HP: 29/30 MP: 7/7
  3136 | D:4      | Reached XP level 5. HP: 35/35 MP: 8/8
  3616 | D:4      | Reached skill level 5 in Conjurations
  3677 | D:4      | Learned a level 4 spell: Flame Wave
  3869 | D:5      | Entered Level 5 of the Dungeon
  3956 | D:5      | Gained mutation: You have a small tail. [demonic ancestry]
  3956 | D:5      | Reached XP level 6. HP: 33/41 MP: 9/9
  4138 | D:5      | You fall into a shaft and drop 2 floors!
  4139 | D:7      | Noticed a hornet
  4150 | D:6      | Reached skill level 1 in Shields
  4259 | D:6      | Noticed Pikel
  4277 | D:6      | Killed Pikel
  4278 | D:6      | Reached XP level 7. HP: 32/55 MP: 7/10
  4300 | D:6      | Reached skill level 5 in Fighting
  4420 | D:6      | Learned a level 3 spell: Inner Flame
  4459 | D:6      | Found a staircase to the Ecumenical Temple.
  4541 | D:6      | Noticed Grinder
  4618 | Temple   | Entered the Ecumenical Temple
  4638 | Temple   | Became a worshipper of Dithmenos the Shadowed
  4697 | D:6      | Noticed Sigmund
  4805 | D:6      | Reached XP level 8. HP: 62/62 MP: 11/11
  5032 | D:6      | Found Ezurit's Weapon Emporium.
  5492 | D:5      | Found a broken altar of Ashenzari.
  5969 | D:7      | Killed a hornet
  5970 | D:7      | Reached skill level 5 in Spellcasting
  6467 | D:7      | Noticed a troll
  6472 | D:7      | Killed a troll
  6472 | D:7      | Reached * piety under Dithmenos
  6473 | D:7      | Gained mutation: You are mostly covered in sharp spines.
                  | [demonic ancestry]
  6473 | D:7      | Reached XP level 9. HP: 59/68 MP: 20/20
  6937 | D:8      | Noticed a two-headed ogre
  6947 | D:8      | Killed a two-headed ogre
  7005 | D:7      | Learned a level 3 spell: Kindle Blastsparks
  7413 | D:9      | Found a sparkling altar of Nemelex Xobeh.
  7572 | D:9      | Found a runed translucent door.
  7573 | D:9      | Noticed a death knight
  7573 | D:9      | Noticed martbhell's ghost (journeyman MiBe)
  7760 | D:9      | Found a stormy altar of Qazlal.
  7879 | D:9      | Reached XP level 10. HP: 73/74 MP: 23/23
  8209 | D:10     | Entered Level 10 of the Dungeon
  8366 | D:10     | Reached skill level 5 in Evocations
  8376 | D:10     | Reached ** piety under Dithmenos
  8391 | D:10     | Reached skill level 4 in Fire Magic
  8400 | D:10     | Reached skill level 5 in Fire Magic
  8708 | D:10     | Reached skill level 6 in Fire Magic
  9301 | D:10     | Reached skill level 7 in Fire Magic
  9366 | D:10     | Found a staircase to the Lair.
  9629 | Lair:1   | Entered Level 1 of the Lair of Beasts
  9629 | Lair:1   | Noticed a cane toad
  9639 | Lair:1   | Killed a cane toad
  9640 | Lair:1   | Reached skill level 8 in Fire Magic
  9670 | Lair:1   | Noticed a cane toad
  9676 | Lair:1   | Killed a cane toad
  9749 | Lair:1   | Reached *** piety under Dithmenos
  9926 | Lair:1   | Reached XP level 11. HP: 79/79 MP: 24/24
 10172 | Lair:1   | Reached skill level 9 in Fire Magic
 10641 | Lair:2   | Reached skill level 10 in Fire Magic
 10950 | Lair:2   | Reached skill level 11 in Fire Magic
 11257 | Lair:2   | Found a staircase to the Snake Pit.
 11432 | Lair:2   | You fall into a shaft and drop 2 floors!
 11433 | Lair:4   | Noticed a death yak
 11434 | Lair:4   | Noticed a death yak
 11435 | Lair:4   | Noticed a death yak
 11437 | Lair:4   | Noticed a death yak
 11442 | Lair:4   | Noticed a six-headed hydra
 11447 | Lair:4   | Noticed Snorg
 11478 | Lair:5   | Entered Level 5 of the Lair of Beasts
 11482 | Lair:5   | Found a staircase to the Slime Pits.
 11496 | Lair:5   | Reached skill level 12 in Fire Magic
 11502 | Lair:5   | Reached **** piety under Dithmenos
 11897 | Lair:5   | Reached XP level 12. HP: 77/86 MP: 25/25
 11903 | Lair:5   | Learned a level 3 spell: Frozen Ramparts
 11963 | Lair:5   | Reached skill level 1 in Ice Magic
 12084 | Lair:5   | Gained mutation: Armour fits poorly on your strangely
                  | shaped body. [potion of mutation]
 12084 | Lair:5   | Gained mutation: You are partially covered in large bone
                  | plates. (SH +4) [potion of mutation]
 12209 | Lair:5   | Noticed a death yak
 12209 | Lair:5   | Noticed a death yak
 12209 | Lair:5   | Noticed a death yak
 12209 | Lair:5   | Noticed a catoblepas
 12291 | Lair:4   | Mangled by a death yak

Illustrated notes

Levels and vault maps discovered:
D:1:      dpeg_arrival_ternary, layout_basic
D:2:      layout_loops_ring, shapermc_ecumenical_altar_starsandcircs,
          minmay_3d_cube
D:3:      layout_loops_cross
D:4:      layout_cave_pods
D:5:      layout_basic, general_overflow_altar, minmay_crystal_room,
          grunt_decor_junction, kennysheep_generic_room_5
D:6:      layout_basic, lemuel_temple_firewalk_a, serial_shops, kennysheep_mini,
          minmay_misc_feat_diagonals, uniq_sigmund, uniq_grinder, uniq_pikel
D:7:      layout_rooms
D:8:      layout_rooms
D:9:      layout_roguey, mainiacjoe_overflow_small_starburst,
          grunt_qazlal_sundering, ebering_ghost_inner_flame
D:10:     layout_basic, erik_lair_dragon
Temple:   compressed_dpeg_triangle_lava_temple
Lair:1:   layout_cave_shapes
Lair:2:   layout_long_grid, nicolae_snake_entry_squirm, eino_house_with_fridge
Lair:4:   layout_loops_ring, serial_forest, infiniplex_forest_clump_small,
          infiniplex_forest_lined_room_3, infiniplex_forest_straight_2,
          infiniplex_forest_lined_room_3, infiniplex_forest_diagonal,
          infiniplex_forest_clump_double, uniq_snorg
Lair:5:   grunt_lair_end_beastmaster, layout_loops_ring,
          nicolae_slime_entry_field_trip

Skill      XL: |  1  2  3  4  5  6  7  8  9 10 11 12 |
---------------+-------------------------------------+-----
Fire Magic     | 3 8 12 | 12.5
Conjurations   | 2 3 4 5 |  5.8
Shields        | 3 |  3.5
Fighting       | 4 5 |  5.0
Spellcasting   | 7 9 |  9.7
Evocations     | 4 5 |  5.3
Ice Magic      | 2 |  2.7
Dodging        | |  1.7
Stealth        | |  1.7

Action                     |  1- 3 |  4- 6 |  7- 9 | 10-12 || total
---------------------------+-------+-------+-------+-------++-------
  Melee: Staff             |       |     1 |       |     1 ||     2
   Cast: Foxfire           |    68 |   103 |   146 |   199 ||   516
         Scorch            |     1 |     1 |    20 |    40 ||    62
         Flame Wave        |       |       |     5 |    28 ||    33
         Inner Flame       |       |       |       |     2 ||     2
         Frozen Ramparts   |       |       |       |     2 ||     2
         Kindle Blastspark |       |       |       |     1 ||     1
  Evoke: Wand              |       |     2 |     1 |    11 ||    14
    Use: Scroll            |       |       |    13 |    13 ||    26
         Potion            |       |       |       |     3 ||     3
 Armour: Robe              |     3 |     2 |    10 |    20 ||    35
  Dodge: Dodged            |    14 |    13 |    36 |    76 ||   139
  Block: Buckler           |       |     2 |    25 |    68 ||    95

Table legend: (Time is in decaauts)
 A = Elapsed time spent in this place.
 B = Non-inter-level travel time spent in this place.
 C = Inter-level travel time spent in this place.
 D = Time resting spent in this place.
 E = Time spent auto-exploring this place.
 F = Levels seen in this place.
 G = Mean time per level.
                   A        B        C        D        E       F      G
               +--------+--------+--------+--------+--------+-----+--------+
         Total |  12304 |  11809 |    495 |   2019 |   8003 |  15 |  820.3 |
       Dungeon |   9603 |   9150 |    453 |   1078 |   6805 |  10 |  960.3 |
        Temple |     33 |     20 |     13 |      0 |     12 |   1 |   33.0 |
          Lair |   2667 |   2640 |     27 |    941 |   1186 |   4 |  666.8 |
               +--------+--------+--------+--------+--------+-----+--------+

Top non-repeatable levels by time:
    D:10: 1340 daAuts
     D:6: 1284 daAuts
     D:1: 1202 daAuts
     D:2: 1096 daAuts
     D:9: 944 daAuts
  Lair:2: 922 daAuts
     D:7: 906 daAuts
  Lair:1: 885 daAuts
     D:4: 853 daAuts
  Lair:5: 789 daAuts
     D:5: 726 daAuts
     D:3: 713 daAuts
     D:8: 533 daAuts
  Lair:4: 69 daAuts
  Temple: 33 daAuts
